 Dungeon Crawl Stone Soup version 0.28.0-45-g0d030f2227 (webtiles) character file.

Game seed: 2889679973695983925

18 psko the Conjurer (level 2, 0/13 HPs)
             Began as a Spriggan Conjurer on Apr 23, 2022.
             Succumbed to an adder's poison
             ... on level 2 of the Dungeon.
             The game lasted 00:05:07 (1311 turns).

psko the Conjurer (Spriggan Conjurer)               Turns: 1311, Time: 00:05:07

Health: 0/13       AC:  2    Str:  3    XL:     2   Next: 51%
Magic:  1/6        EV: 17    Int: 19    God:
Gold:   19         SH:  0    Dex: 13    Spells: 3/6 levels left

rFire   . . .      SeeInvis +   b - +0 short sword
rCold   . . .      Faith    .   d - orb {*channel}
rNeg    . . .      Spirit   +   a - +0 robe
rPois   .          Reflect  .   (helmet restricted)
rElec   .          Harm     .   (no cloak)
rCorr   .          Rampage  .   (gloves unavailable)
Will    .....                   (boots unavailable)
Stlth   ++........              g - amulet of guardian spirit
HPRegen 0.04/turn               e - ring of flight
MPRegen 0.10/turn               (no ring)

@: lethally poisoned (0 -> -8), flying, very quick
A: very small, no large weapons, unfitting armour, see invisible, speed 3
a: no special abilities


You were on level 2 of the Dungeon.
You visited 1 branch of the dungeon, and saw 2 of its levels.

You collected 19 gold pieces.

Inventory:

Hand Weapons
 b - a +0 short sword (weapon)
Armour
 a - a +0 robe (worn)
 d - an orb of energy (worn)
Jewellery
 e - a ring of flight (left hand)
 g - an amulet of guardian spirit (around neck)
Scrolls
 c - 3 scrolls of identify {unknown}
 f - a scroll of brand weapon {unknown}
Potions
 h - a potion of might {unknown}
 i - 2 potions of cancellation {unknown}


   Skills:
 + Level 2.8 Dodging
 + Level 3.0 Stealth
 + Level 2.7 Spellcasting
 + Level 3.4 Conjurations


You had 3 spell levels left.
You knew the following spells:

 Your Spells              Type           Power      Damage    Failure   Level
a - Magic Dart            Conj           60%        1d6       3%          1
b - Searing Ray           Conj           30%        2d5       5%          2

Your spell library contained the following spells:

 Spells                   Type           Power      Damage    Failure   Level
 Beastly Appendage        Tmut           4%         N/A       16%         1
 Dazzling Flash           Conj/Hex       18%        N/A       22%         3
 Wereblood                Tmut           2%         N/A       24%         2
 Spider Form              Tmut/Pois      2%         N/A       43%         3
 Fulminant Prism          Conj/Hex       4%         3d6       58%         4
 Iskenderun's Mystic Bla  Conj/Tloc      9%         2d4       58%         4


Dungeon Overview and Level Annotations

Branches:
Dungeon (2/15)

Altars:


Innate Abilities, Weirdness & Mutations

You are very small and have problems with some larger weapons.
You are too small for most types of armour.
You have supernaturally acute eyesight. (SInv)
You cover ground extremely quickly. (Speed+++)


Message History

Casting: Magic Dart (safe; 3% risk of failure)
Confirm with . or Enter, or press ? or * to list all spells.
Aiming: Magic Dart (safe; 3% risk of failure)
Press: ? - help, Shift-Dir - straight line, f/p - endoplasm
Aim: an endoplasm (almost dead, 100% to hit)
Okay, then.
The adder hisses angrily.
You hit the endoplasm.
You kill the endoplasm!
Casting: Magic Dart (safe; 3% risk of failure)
Confirm with . or Enter, or press ? or * to list all spells.
Aiming: Magic Dart (safe; 3% risk of failure)
Press: ? - help, Shift-Dir - straight line, f - adder
Aim: an adder (100% to hit)
The magic dart hits the adder.
The adder is moderately wounded.
Casting: Magic Dart (safe; 3% risk of failure)
Confirm with . or Enter, or press ? or * to list all spells.
Aiming: Magic Dart (safe; 3% risk of failure)
Press: ? - help, Shift-Dir - straight line, f/p - adder
Aim: an adder (moderately wounded, 100% to hit)
The magic dart hits the adder.
The adder is severely wounded.
You closely miss the adder.
The adder is severely wounded.
The adder bites you.
You are poisoned.
The adder poisons you! The adder closely misses you.
You barely miss the adder.
The adder is severely wounded.
You feel sick. The adder bites you.
You closely miss the adder.
The adder is severely wounded.
You feel sick. The adder bites you.
* * * LOW HITPOINT WARNING * * *
You are more poisoned.
The adder poisons you! The goblin misses you. The adder misses you.
You completely miss the adder.
The adder is severely wounded.
You die...

............#
$...........#
.........(.# #.......<.#
###.........#
.....)......#
#.....!...# #....@S...#
#####.g...#
..#####.##..... #..
#.......# #### #.#
######..##.##... ##.###
######........#
.....#####...........###
...........##..###...#
...†...######.## #..#


You could see an adder and a goblin.

Vanquished Creatures
  A dart slug (D:2)
  4 ball pythons
  2 bats
  3 endoplasms
  A hobgoblin (D:1)
  3 frilled lizards
  2 rats
16 creatures vanquished.

Notes
Turn   | Place    | Note
-------+----------+-------------------------------------------
     0 | D:1      | psko the Spriggan Conjurer began the quest for the Orb.
     0 | D:1      | Reached XP level 1. HP: 9/9 MP: 5/5
   830 | D:1      | Reached XP level 2. HP: 13/13 MP: 4/6
  1171 | D:2      | Learned a level 2 spell: Searing Ray
  1311 | D:2      | Succumbed to an adder's poison

Illustrated notes

Levels and vault maps discovered:
D:1:      eino_arrival_tree_alley, layout_basic,
          wander_ebering_terrifying_dragon_lair
D:2:      layout_rooms, basic_altar

Skill      XL: |  1 |
---------------+----+-----
Conjurations   | 3 |  3.4
Dodging        | |  2.8
Stealth        | |  3.0
Spellcasting   | |  2.7

Action                   || total
-------------------------++-------
Melee: Short sword       ||     6
 Cast: Magic Dart        ||    28
Dodge: Dodged            ||     6
